 Dungeon Crawl Stone Soup version 0.29-a0-870-g2c972031a6 (webtiles) character file.

Game seed: 15531522560981580493

10 Hasart the Shooter (level 2, 0/24 HPs)
             Began as a Demigod Hunter on July 17, 2022.
             Slain by a jackal (3 damage)
             ... on level 1 of the Dungeon.
             The game lasted 00:00:25 (249 turns).

Hasart the Shooter (Demigod Hunter)                  Turns: 249, Time: 00:00:25

Health: 0/24       AC:  3    Str: 12    XL:     2   Next: 0%
Magic:  4/4        EV: 12    Int: 11    God:
Gold:   27         SH:  0    Dex: 17    Spells: 1/1 levels left

rFire   . . .      SeeInvis .   a - +0 shortbow
rCold   . . .      Faith    .   (shield currently unavailable)
rNeg    . . .      Spirit   .   c - +0 leather armour
rPois   .          Reflect  .   (no helmet)
rElec   .          Harm     .   (no cloak)
rCorr   .          Rampage  .   (no gloves)
Will    .....                   (no boots)
Stlth   ++........              (no amulet)
HPRegen 0.08/turn               (no ring)
MPRegen 0.09/turn               (no ring)

@: no status effects
A: high MP 1, forlorn, divine attributes
a: no special abilities


You were on level 1 of the Dungeon.
You visited 1 branch of the dungeon, and saw 1 of its levels.

You collected 27 gold pieces.

Inventory:

Hand Weapons
 a - a +0 shortbow (weapon)
Armour
 c - a +0 leather armour (worn)
Scrolls
 b - a scroll of immolation
 d - 2 scrolls of identify {unknown}


   Skills:
 + Level 1.9 Fighting
 * Level 3.8 Ranged Weapons
 + Level 1.9 Dodging
 + Level 1.2 Stealth


You had one spell level left.
You didn't know any spells.
Your spell library was empty.

Dungeon Overview and Level Annotations

Branches:
Dungeon (1/15)


Innate Abilities, Weirdness & Mutations

You have an increased reservoir of magic. (+10% MP)
You shall have no god before yourself.
Your divine heritage dramatically boosts your attributes as you level up.


Message History

Fire: a) +0 shortbow
Press: ? - help, Q - select action Shift-Dir - straight line, f/p - jackal
Aim: a jackal (lightly wounded, 53% to hit)
You shoot an arrow. The arrow closely misses the jackal. x2
The jackal bites you.
* * * LOW HITPOINT WARNING * * *
Fire: a) +0 shortbow
Press: ? - help, Q - select action Shift-Dir - straight line, f/p - jackal
Aim: a jackal (lightly wounded, 53% to hit)
You shoot an arrow. The arrow barely misses the jackal.
The arrow closely misses the jackal.
The jackal bites you.
* * * LOW HITPOINT WARNING * * *
The jackal misses you.
Fire: a) +0 shortbow
Press: ? - help, Q - select action Shift-Dir - straight line, f/p - jackal
Aim: a jackal (lightly wounded, 53% to hit)
You shoot an arrow. The arrow closely misses the jackal. x2
The jackal closely misses you. The jackal barely misses you.
Fire: a) +0 shortbow
Press: ? - help, Q - select action Shift-Dir - straight line, f/p - jackal
Aim: a jackal (lightly wounded, 53% to hit)
You shoot an arrow. The arrow barely misses the jackal.
The arrow closely misses the jackal.
The jackal barely misses you. x2
Fire: a) +0 shortbow
Press: ? - help, Q - select action Shift-Dir - straight line, f/p - jackal
Aim: a jackal (lightly wounded, 53% to hit)
You shoot an arrow.
The arrow hits the jackal but does no damage.
The jackal is lightly wounded.
The jackal barely misses you. x2
Fire: a) +0 shortbow
Press: ? - help, Q - select action Shift-Dir - straight line, f/p - jackal
Aim: a jackal (lightly wounded, 53% to hit)
You shoot an arrow.
The arrow hits the jackal but does no damage.
The jackal is lightly wounded.
The jackal bites you.
You die...

#......## ..#
#........
#.######.####### ##
#........# ##.
#.#####..# ..
.....##..#####.. #.
#.##.##..#......
#.###.###.##.##....#
#....hh@..##.......#
#####.###.........##
#. ########.## #.
#.# #. ### #. #. #.


You could see 2 jackals.

Vanquished Creatures
  An endoplasm (D:1)
  A giant cockroach (D:1)
  2 hobgoblins (D:1)
  2 jackals (D:1)
  A quokka (D:1)
  A bat (D:1)
8 creatures vanquished.

Notes
Turn   | Place    | Note
-------+----------+-------------------------------------------
     0 | D:1      | Hasart the Demigod Hunter began the quest for the Orb.
     0 | D:1      | Reached XP level 1. HP: 17/17 MP: 3/3
    54 | D:1      | Reached skill level 1 in Stealth
   241 | D:1      | Reached XP level 2. HP: 6/24 MP: 4/4
   249 | D:1      | Slain by a jackal

Illustrated notes

Levels and vault maps discovered:
D:1:      lightli_arrival_quake, layout_loops_corners, serial_shops,
          shop_fountains, dreamdust_ecumenical_altar_hidden_monk_grotto,
          minivault_4

Skill      XL: |  1 |
---------------+----+-----
Stealth        | 1 |  1.2
Fighting       | |  1.9
Ranged Weapons | |  3.8
Dodging        | |  1.9

Action                   || total
-------------------------++-------
 Fire: Shortbow          ||    42
Armor: Leather armour    ||    17
Dodge: Dodged            ||    31

Table legend: (Time is in decaauts)
 A = Elapsed time spent in this place.
 B = Non-inter-level travel time spent in this place.
 C = Inter-level travel time spent in this place.
 D = Time resting spent in this place.
 E = Time spent auto-exploring this place.
 F = Levels seen in this place.
 G = Mean time per level.
                   A        B        C        D        E       F      G
               +--------+--------+--------+--------+--------+-----+--------+
         Total |    263 |    263 |      0 |      0 |    197 |   1 |  263.0 |
       Dungeon |    263 |    263 |      0 |      0 |    197 |   1 |  263.0 |
               +--------+--------+--------+--------+--------+-----+--------+

Top non-repeatable levels by time:
     D:1: 263 daAuts
